AoeStats
← ninghaochang

Black Forest

510412489Analyzed
3v3 RM · 9h ago on Sep 30, 2026· 62m 14s· 6 players
Game mode
Random Map
Map size
Normal (6 player)
Population
200
Speed
Normal
Resources
Standard
Victory
Conquest
Starting age
Dark Age
Ending age
Imperial Age
RankedLock teamsTeams togetherTeam positionsShared explorationLock speedFull tech treeHidden civsTurbo modeCheats
Victory
Defeat
🇹🇷 Italians · Türkiye
780
+13
🇹🇷 Persians · Türkiye
744
+14
🇹🇷 Celts · Türkiye
638
+19
🇨🇳 Georgians · China
797
-47
🇮🇩 Tupi · Indonesia
667
-14
🇦🇷 Bohemians · Argentina
657
-13
LuTz
11:51 Feudal Age
12:07 Horse Collar
12:13 Double-Bit Axe
13:17 Loom
17:26 Loom
19:43 Castle Age
18:37 Scale Barding Armor
20:52 Bow Saw
20:44 Heavy Plow
20:48 Gold Mining
22:14 Gold Shaft Mining
21:29 Stone Mining
21:37 Stone Mining
22:16 Chain Barding Armor
22:24 Forging
31:16 Imperial Age
29:18 Bloodlines
29:10 Husbandry
30:37 Caravan
30:56 Cavalier
32:22 Iron Casting
33:02 Two-Man Saw
33:32 Crop Rotation
32:29 Savar
34:33 Plate Barding Armor
35:10 Blast Furnace
36:23 Stone Shaft Mining
38:24 Coinage
55:53 Onager
Çerkes
4:14 Loom
11:33 Feudal Age
12:35 Double-Bit Axe
17:18 Castle Age
16:45 Horse Collar
18:16 Bow Saw
20:45 Heavy Plow
26:23 Thumb Ring
27:38 Ballistics
26:43 Crossbowman
28:11 Fletching
28:22 Padded Archer Armor
32:08 Imperial Age
30:34 Caravan
30:45 Bodkin Arrow
33:20 Leather Archer Armor
33:05 Bracer
33:33 Conscription
32:40 Arbalester
34:57 Chemistry
35:14 Silk Road
35:48 Crop Rotation
35:10 Gold Mining
36:27 Two-Man Saw
37:38 Stone Mining
37:13 Elite Genoese Crossbowman
39:30 Ring Archer Armor
39:39 Town Watch
40:29 Wheelbarrow
41:03 Hoardings
43:38 Scale Mail Armor
43:44 Scale Barding Armor
43:50 Forging
43:58 Hand Cart
43:43 Town Patrol
D
1:37 Loom
14:04 Feudal Age
18:01 Castle Age
17:45 Double-Bit Axe
17:47 Horse Collar
18:49 Gold Mining
24:21 Bow Saw
28:23 Caravan
35:32 Ballistics
38:28 Imperial Age
37:59 Stone Mining
38:49 Forging
38:45 Scale Mail Armor
38:55 Scale Mail Armor
42:13 Chain Mail Armor
42:36 Iron Casting
44:59 Blast Furnace
44:32 Plate Mail Armor
44:23 Onager
44:48 Elite Woad Raider
54:46 Furor Celtica
ninghaochang
12:51 Feudal Age
14:13 Wheelbarrow
13:26 Fishing Lines
13:46 Double-Bit Axe
22:32 Castle Age
23:29 Bow Saw
23:13 Stone Mining
23:52 Gold Mining
25:02 Gillnets
24:52 Man-at-Arms
25:20 Gambesons
25:05 Man-at-Arms
25:05 Pikeman
25:32 Gambesons
25:47 Squires
25:34 Arson
25:52 Horse Collar
26:52 Heavy Plow
28:06 Stone Shaft Mining
29:43 Hand Cart
38:26 Imperial Age
38:14 Svan Towers
37:50 Crossbowman
37:51 Elite Skirmisher
37:53 Long Swordsman
39:28 Heavy Cavalry Archer
40:33 Parthian Tactics
39:31 Halberdier
39:31 Two-Handed Swordsman
41:24 Champion
42:32 Husbandry
42:42 Bloodlines
41:53 Cavalier
43:30 Aznauri Cavalry
45:00 Light Cavalry
Vollenbad
0:39 Loom
13:48 Feudal Age
14:25 Double-Bit Axe
22:03 Castle Age
20:15 Horse Collar
22:59 Bow Saw
26:13 Wheelbarrow
27:16 Hand Cart
28:52 Town Watch
35:01 Imperial Age
34:03 Chemistry
35:41 Murder Holes
35:57 Masonry
38:22 Hussite Reforms
37:38 Elite Hussite Wagon
38:56 Sappers
39:50 Conscription
39:20 Pikeman
40:42 Caravan
41:03 Fletching
41:19 Padded Archer Armor
43:26 Leather Archer Armor
43:50 Architecture
43:30 Fortified Wall
45:48 Two-Man Saw
47:01 Ring Archer Armor
46:55 Siege Engineers
47:01 Wagenburg Tactics
46:31 Houfnice
56:19 Bombard Tower
56:21 Fletching
BlueGuardian
9:10 Loom
11:28 Feudal Age
12:04 Horse Collar
12:10 Double-Bit Axe
19:40 Castle Age
18:14 Gold Mining
18:11 Fishing Lines
20:11 Wheelbarrow
19:30 Stone Mining
22:14 Bow Saw
22:05 Heavy Plow
22:51 Champi Runner
28:15 Forging
28:06 Scale Mail Armor
27:29 Champi Warrior
29:34 Treadmill Crane
30:11 Gillnets
35:09 Imperial Age
33:07 Squires
33:46 Iron Casting
33:57 Hand Cart
33:36 Arson
33:17 Pikeman
34:32 Chain Mail Armor
34:19 Fletching
34:44 Padded Archer Armor
35:49 Ballistics
35:59 Curare
35:19 Elite Blackwood Archer
36:49 Gold Shaft Mining
38:45 Caravan
39:16 Halberdier
40:14 Elite Champi Warrior
43:23 Conscription
Connection lost

Rejoining the realm…

Still unreachable

The connection could not be restored.

Session expired

The server has moved on; the page needs a fresh start.